 Dungeon Crawl Stone Soup version 0.29-a0-121-g8efb068a30 (webtiles) character file.

Game seed: 11818407757253061457

473 Rennog the Skirmisher (level 6, 0/66 HPs)
             Began as a Troll Fighter on Feb 21, 2022.
             Slain by a gnoll zombie (3 damage)
             ... in an ossuary.
             The game lasted 00:04:17 (2593 turns).

Rennog the Skirmisher (Troll Fighter)               Turns: 2593, Time: 00:04:19

Health: 0/66       AC:  4    Str: 25    XL:     6   Next: 83%
Magic:  5/5        EV:  8    Int:  4    God:
Gold:   216        SH:  7    Dex: 11    Spells: 5/5 levels left

rFire   . . .      SeeInvis .   m - +5 mace of Yrome {vorpal, rN+}
rCold   . . .      Faith    .   b - +0 kite shield
rNeg    + . .      Spirit   .   a - +0 robe
rPois   .          Reflect  .   (helmet restricted)
rElec   .          Harm     .   (no cloak)
rCorr   .          Rampage  .   (gloves unavailable)
Will    .....                   (boots unavailable)
Stlth   +.........              (no amulet)
HPRegen 1.01/turn               (no ring)
MPRegen 0.09/turn               (no ring)

@: mighty
A: large, unfitting armour, claws 3, regeneration 1, shaggy fur 1, tough skin 1
a: no special abilities


You were in an ossuary.
You visited 1 branch of the dungeon, and saw 4 of its levels.
You also visited: Ossuary.

You collected 216 gold pieces.

Inventory:

Hand Weapons
 m - the +5 mace of Yrome (weapon) {vorpal, rN+}
   (You found it on level 3 of the Dungeon)

   It inflicts extra damage upon your enemies.
   rN:        It protects you from negative energy.
Armour
 a - a +0 robe (worn)
 b - a +0 kite shield (worn)
Wands
 s - a wand of flame (21)
Scrolls
 d - a scroll of brand weapon {unknown}
 h - 2 scrolls of vulnerability {unknown}
 j - a scroll of identify {unknown}
 n - a scroll of blinking {unknown}
 p - a scroll of teleportation {unknown}
 q - a scroll of enchant armour {unknown}
 r - a scroll of summoning {unknown}
Potions
 c - a potion of might
 e - a potion of invisibility {unknown}
 f - 3 potions of haste {unknown}
 g - a potion of lignification {unknown}
 i - 3 potions of curing {unknown}
 k - 2 potions of mutation {unknown}
 l - a potion of heal wounds {unknown}
 o - a potion of brilliance {unknown}


   Skills:
 + Level 5.2 Fighting
 - Level 2.4 Dodging
 - Level 2.4 Shields
 + Level 5.0 Unarmed Combat


You had 5 spell levels left.
You didn't know any spells.
Your spell library contained the following spells:

 Spells                   Type           Power      Damage    Failure   Level
 Sublimation of Blood     Necr           0%         N/A       91%         2
 Wereblood                Tmut           0%         N/A       91%         2
 Conjure Flame            Conj/Fire      0%         6-21      99%         3
 Ignite Poison            Fire/Tmut/Pois 0%         N/A       99%         3
 Sticky Flame             Conj/Fire      0%         2d3       100%        4
 Summon Hydra             Summ           0%         N/A       100%        7


Dungeon Overview and Level Annotations

Branches:
Dungeon (4/15)            Ossuary (1/1)
 Temple: D:4-7

Altars:
Qazlal
Wu Jian


Innate Abilities, Weirdness & Mutations

You are too large for most types of armour.
You have claws for hands.
Your natural rate of healing is unusually fast.
You are covered in fur. (AC +1)
You have tough skin. (AC +1)


Message History

The mummy is heavily damaged.
The orc zombie barely misses you. The mummy hits you! x2
* * * LOW HITPOINT WARNING * * *
The gnoll zombie barely misses you. You block the orc zombie's attack.
You are too injured to fight recklessly!
You are too injured to fight recklessly!
You are too injured to fight recklessly!
You are too injured to fight recklessly!
You are too injured to fight recklessly!
You are too injured to fight recklessly!
You are too injured to fight recklessly!
You are too injured to fight recklessly!
You are too injured to fight recklessly!
You are too injured to fight recklessly!
You are too injured to fight recklessly!
You are too injured to fight recklessly!
You are too injured to fight recklessly!
You block the orc zombie's attack. You block the orc zombie's attack.
There is a gate leading back out of this place here.
You feel very mighty all of a sudden.
You sock the orc zombie!
You destroy the orc zombie!
Your Unarmed Combat skill increases to level 5!
You bludgeon the kobold zombie!!
You destroy the kobold zombie!
You sock the kobold zombie!
You destroy the kobold zombie!
You barely miss the mummy.
The mummy is heavily damaged.
You block the gnoll zombie's attack. The mummy hits you!
The gnoll zombie hits you but does no damage.
You hit the mummy.
The mummy is severely damaged.
The mummy hits you!
* * * LOW HITPOINT WARNING * * *
You block the kobold zombie's attack. The mummy hits you.
* * * LOW HITPOINT WARNING * * *
The gnoll zombie hits you.
You die...

#....#
#....#
#....#
#....#
#....#
#....#
#..Z.#
#.MZM#
#.Z@.#
######


You could see 2 mummies, a gnoll zombie, a kobold zombie and an orc zombie.

Vanquished Creatures
  A black bear (D:4)
  An ogre (D:4)
  A hound (D:4)
  An orc priest (D:3)
  A bullfrog skeleton (D:3)
  Ijyb (D:4)
  A hound skeleton (D:4)
  3 mummies
  4 adders
  2 adder skeletons (D:4)
  2 worms (D:3)
  2 dart slugs
  5 orcs
  5 endoplasms
  A giant cockroach (D:3)
  8 goblins
  6 hobgoblins
  7 kobolds
  4 quokkas
  8 ball pythons
  3 bats
  2 frilled lizards
  A gnoll zombie (Ossuary)
  A hobgoblin zombie (Ossuary)
  2 kobold zombies (Ossuary)
  An orc zombie (Ossuary)
  8 rats
82 creatures vanquished.

Notes
Turn   | Place    | Note
-------+----------+-------------------------------------------
     0 | D:1      | Rennog the Troll Fighter began the quest for the Orb.
     0 | D:1      | Reached XP level 1. HP: 22/22 MP: 0/0
   212 | D:1      | Reached XP level 2. HP: 22/29 MP: 1/1
   814 | D:2      | Found a faded altar of an unknown god.
   817 | D:2      | Noticed a great orb of eyes
   819 | D:2      | Noticed a shining eye
   825 | D:2      | Noticed a floating eye
   836 | D:2      | Reached XP level 3. HP: 26/37 MP: 2/2
  1214 | D:2      | Noticed a shining eye
  1562 | D:3      | Reached XP level 4. HP: 48/48 MP: 3/3
  1581 | D:3      | Identified the +5 mace of Yrome {vorpal, rN+}
  1681 | D:3      | Found a stormy altar of Qazlal.
  1689 | D:3      | Found an ornate altar of the Wu Jian Council.
  2096 | D:3      | Reached XP level 5. HP: 54/54 MP: 4/4
  2325 | D:4      | Noticed an ogre
  2330 | D:4      | Killed an ogre
  2363 | D:4      | Reached XP level 6. HP: 22/63 MP: 5/5
  2483 | D:4      | Noticed Ijyb
  2494 | D:4      | Killed Ijyb
  2527 | D:4      | Reached skill level 5 in Fighting
  2547 | D:4      | Found a sand-covered staircase.
  2559 | Ossuary  | Entered an ossuary
  2590 | Ossuary  | Reached skill level 5 in Unarmed Combat
  2593 | Ossuary  | HP: 3/66 [mummy (4)]
  2593 | Ossuary  | Slain by a gnoll zombie

Illustrated notes

Levels and vault maps discovered:
D:1:      dpeg_arrival_tiny_i, layout_basic, hangedman_decor_growths
D:2:      layout_basic, hellmonk_ecumenical_altar_watching_god
D:3:      layout_loops_ring, mainiacjoe_overflow_big_doors, minmay_door_square,
          minmay_hedge_maze
D:4:      layout_rooms, nicolae_ossuary_entry_giza, serial_shops, shop,
          grunt_decor_cap, uniq_ijyb
Ossuary:  ossuary_tomb_3

Skill      XL: |  1  2  3  4  5  6 |
---------------+-------------------+-----
Fighting       | 3 4 5 |  5.2
Unarmed Combat | 3 4 5 |  5.0
Dodging        | |  2.4
Shields        | |  2.4

Action                   |  1- 3 |  4- 6 || total
-------------------------+-------+-------++-------
Melee: Unarmed           |   110 |       ||   110
       Mace              |       |   123 ||   123
  Use: Potion            |       |     1 ||     1
Armor: Robe              |    26 |    30 ||    56
Dodge: Dodged            |    38 |    55 ||    93
Block: Kite shield       |    35 |    51 ||    86

Table legend: (Time is in decaauts)
 A = Elapsed time spent in this place.
 B = Non-inter-level travel time spent in this place.
 C = Inter-level travel time spent in this place.
 D = Time resting spent in this place.
 E = Time spent auto-exploring this place.
 F = Levels seen in this place.
 G = Mean time per level.
                   A        B        C        D        E       F      G
               +--------+--------+--------+--------+--------+-----+--------+
         Total |   2668 |   2437 |    231 |      0 |   1856 |   5 |  533.6 |
       Dungeon |   2627 |   2396 |    231 |      0 |   1852 |   4 |  656.8 |
       Ossuary |     41 |     41 |      0 |      0 |      4 |   1 |   41.0 |
               +--------+--------+--------+--------+--------+-----+--------+

Top non-repeatable levels by time:
     D:3: 847 daAuts
     D:2: 804 daAuts
     D:1: 688 daAuts
     D:4: 287 daAuts
 Ossuary: 41 daAuts
